 Dungeon Crawl Stone Soup version 0.31-a0-965-g8a8ce12e04 (webtiles) character file.

Game seed: 5958171435744134362

9 Maxmaps the Insei (level 2, -1/21 HPs)
             Began as an Octopode Monk on Oct 26, 2023.
             Frozen to death by an endoplasm (4 damage)
             ... on level 1 of the Dungeon.
             The game lasted 00:00:43 (721 turns).

Maxmaps the Insei (Octopode Monk)                    Turns: 721, Time: 00:00:44

Health: -1/21      AC:  1    Str: 10    XL:     2   Next: 12%
Magic:  2/2        EV: 14    Int: 18    God:
Gold:   50         SH:  0    Dex: 14    Spells: 1/1 levels left

rFire   . .          .
                       - Unarmed
rCold   . . .        (no shield)
rNeg    . . .        (helmet restricted)
rPois   .            (no amulet)
rElec   .            e - +6 ring of intelligence
rCorr   .            (no ring)
SInv    .            (no ring)
Will    .....        (no ring)
Stlth   +++          (no ring)
HPRegen 0.23/turn    (no ring)
MPRegen 0.08/turn    (no ring)
                     (no ring)

%: no passive effects
@: no status effects
A: almost no armour, amphibious, 8 rings, camouflage 1, gelatinous body 1,
(nimble swimmer 1), tentacles
a: no special abilities


You were on level 1 of the Dungeon.
You visited 1 branch of the dungeon, and saw 1 of its levels.

You collected 50 gold pieces.

Inventory:

Armour
 b - an orb of light
Jewellery
 e - a +6 ring of intelligence (left tentacle)
Potions
 a - a potion of ambrosia
 c - a potion of enlightenment {unknown}
 f - a potion of haste {unknown}


   Skills:
 - Level 3.0 Fighting
 - Level 3.0 Dodging
 + Level 2.6 Stealth
 - Level 3.0 Unarmed Combat


You had one spell level left.
You didn't know any spells.
Your spell library contained the following spells:

 Spells                   Type           Power      Damage    Failure   Level
 Necrotise                Necr           0%         1d4       22%         1
 Vampiric Draining        Necr           0%         2d6       54%         3
 Agony                    Necr           0%         N/A       99%         5


Dungeon Overview and Level Annotations

Branches:
Dungeon (1/15)

Altars:

Shops:
D:1 *


Innate Abilities, Weirdness & Mutations

You cannot wear most types of armour.
You are amphibious.
You can wear up to eight rings at the same time.
Your skin changes colour to match your surroundings (Stealth+).
Your rubbery body absorbs attacks. (AC +1, EV +1)
((You are camouflaged when in or above water. (Stealth+)))
You have tentacles for arms and can constrict up to eight enemies at once.


Message History

You squeeze the quokka.
You kill the quokka!
HP restored.
You see here a quokka corpse.
You open the door.
There is an open door here.
You open the door.
There is an open door here.
Key pressed, stopping explore.
No target in view!
Found a sling.
No target in view!
You see here a +0 sling.
Found 5 javelins.
No target in view!
No target in view!
No target in view!
Key pressed, stopping explore.
Key pressed, stopping explore.
Unknown command.
An endoplasm comes into view.
The endoplasm freezes you.
You are frozen.
An endoplasm is nearby!
You tentacle-slap the endoplasm but do no damage.
The endoplasm freezes you.
You are frozen.
You barely miss the endoplasm. The endoplasm freezes you.
You are frozen.
You tentacle-slap the endoplasm.
The endoplasm is moderately wounded.
The endoplasm freezes you.
You are frozen.
* * * LOW HITPOINT WARNING * * *
You tentacle-slap the endoplasm. x2
The endoplasm is heavily wounded.
The endoplasm freezes you.
You are frozen.
You die...

...........# ###.# ##
####.#####.#######...########
............................#
######.#############.######.##
.....#.#...........#.#.......##
####.#.#.####.####.#.#.####...#
#....#.#....#.#....#.# #...###
#.####.####.#.#.####.### #......
#...........#.#.@J...... #...###
#############.#############.#.###
................................#
..##.####.##.############.....#.#
####.# #....# #...###.# #.#
####.# ##...###.# ##'## #.#
#.....##.# ##...## #.######
##...###.# ##.....## #......#
#..####.#


You could see an endoplasm.

Vanquished Creatures
  2 hobgoblins (D:1)
  2 quokkas (D:1)
  2 frilled lizards (D:1)
  A kobold (D:1)
  2 rats (D:1)
9 creatures vanquished.

Notes
Turn   | Place    | Note
-------+----------+-------------------------------------------
     0 | D:1      | Maxmaps the Octopode Monk began the quest for the Orb.
     0 | D:1      | Reached XP level 1. HP: 16/16 MP: 1/1
    18 | D:1      | Found Fuprops's Assorted Antiques.
   238 | D:1      | Reached skill level 1 in Stealth
   387 | D:1      | Reached XP level 2. HP: 21/21 MP: 2/2
   721 | D:1      | Frozen to death by an endoplasm

Illustrated notes

Levels and vault maps discovered:
D:1:      roderic_dead_forest, layout_loops_corners, serial_shops,
          nicolae_shop_overgrown_old_shop, roderic_lattice_a,
          minmay_pentomino_t4

Skill      XL: |  1 |
---------------+----+-----
Stealth        | 2 |  2.6
Fighting       | |  3.0
Dodging        | |  3.0
Unarmed Combat | |  3.0

Action                     || total
---------------------------++-------
  Melee: Unarmed           ||    22
         Constrict         ||     5
         Tentacles         ||     5
         Punch             ||     2
    Use: Scroll            ||     2
   Stab: Sleeping          ||     3
 Armour: Skin              ||     6
  Dodge: Dodged            ||     7

Table legend: (Time is in decaauts)
 A = Elapsed time spent in this place.
 B = Non-inter-level travel time spent in this place.
 C = Inter-level travel time spent in this place.
 D = Time resting spent in this place.
 E = Time spent auto-exploring this place.
 F = Levels seen in this place.
 G = Mean time per level.
                   A        B        C        D        E       F      G
               +--------+--------+--------+--------+--------+-----+--------+
         Total |    719 |    719 |      0 |    100 |    544 |   1 |  719.0 |
       Dungeon |    719 |    719 |      0 |    100 |    544 |   1 |  719.0 |
               +--------+--------+--------+--------+--------+-----+--------+

Top non-repeatable levels by time:
     D:1: 719 daAuts
